| TOP OF THE 1ST |
|
Toronto Blue Jays batting - Pitching for Oakland Athletics : RHP Aaron Garard
|
|
Pitching: RHP Aaron Garard
|
|
|
Batting: RHB Donny Burnside
|
0-0: Called Strike 0-1: Called Strike 0-2: Fly out, F7 (Flyball, 78M, EV 90.6 MPH)
|
|
Batting: RHB Danny Burnside
|
0-0: Ball 1-0: Ground out 6-3 (Groundball, 6, EV 84.4 MPH)
|
|
Batting: RHB Efrain Vargas
|
0-0: Called Strike 0-1: Swinging Strike 0-2: Ball 1-2: Ball 2-2: Strikes out swinging
|
| Top of the 1st over - 0 runs, 0 hits, 0 errors, 0 left on base; Toronto 0 - Oakland 0 |
| BOTTOM OF THE 1ST |
|
Oakland Athletics batting - Pitching for Toronto Blue Jays : RHP Javy Falcon
|
|
Pitching: RHP Javy Falcon
|
|
|
Batting: RHB Randy Shrewsbury
|
0-0: Foul Ball, location: 2F 0-1: Ball 1-1: Foul Ball, location: 2F 1-2: Strikes out swinging
|
|
Batting: LHB Tom Butterbaugh
|
0-0: SINGLE (Line Drive, 89M, EV 100.0 MPH)
|
|
Batting: RHB Muneo Kawachi
|
0-0: Foul Ball, location: 2F 0-1: Grounds into double play, 4-6-3 (Groundball, 4, EV 95.0 MPH)
|
| Bottom of the 1st over - 0 runs, 1 hit, 0 errors, 0 left on base; Toronto 0 - Oakland 0 |
| TOP OF THE 2ND |
|
Toronto Blue Jays batting - Pitching for Oakland Athletics : RHP Aaron Garard
|
|
Batting: SHB Dominik Hasek II
|
0-0: Ball 1-0: Ball 2-0: Ball 3-0: Foul Ball, location: 2F 3-1: SOLO HOME RUN (Flyball, 9D, EV 101.9 MPH), Distance : 386 ft
|
|
Batting: RHB C.J. Richerson
|
0-0: SINGLE (Line Drive, 4D, EV 100.6 MPH)
|
|
Batting: RHB Butch Kaiser
|
0-0: Ball C.J. Richerson is caught stealing 2nd base 2-4 1-0: Ball 2-0: Called Strike 2-1: Foul Ball, location: 2F 2-2: Foul Ball, location: 2F 2-2: Ball 3-2: Base on Balls
|
|
Batting: LHB Nate Dean
|
0-0: Ball 1-0: Foul Ball, location: 2F 1-1: Called Strike 1-2: SINGLE (Groundball, 56D, EV 96.2 MPH) Butch Kaiser to second
|
|
Batting: LHB Willis Robles
|
0-0: Ball 1-0: Called Strike 1-1: Ball 2-1: Grounds into double play, U6-3 (Groundball, 4M, EV 107.5 MPH)
|
| Top of the 2nd over - 1 run, 3 hits, 0 errors, 1 left on base; Toronto 1 - Oakland 0 |
| BOTTOM OF THE 2ND |
|
Oakland Athletics batting - Pitching for Toronto Blue Jays : RHP Javy Falcon
|
|
Batting: LHB Bob Branham
|
0-0: Ball 1-0: Ball 2-0: Foul Ball, location: 2F 2-1: Ball 3-1: DOUBLE (Flyball, 8LXD, EV 106.9 MPH)
|
|
Batting: LHB Juan Concepcion
|
0-0: Ball 1-0: Ball 2-0: Called Strike 2-1: Fly out, F7 (Line Drive, 7S, EV 102.5 MPH)
|
|
Batting: LHB R.J. O'Brien
|
0-0: Called Strike 0-1: Ball 1-1: Called Strike 1-2: Ball 2-2: Fly out, F8 (Flyball, 78M, EV 78.8 MPH)
|
|
Batting: LHB Jeff Luvisi
|
0-0: Called Strike 0-1: Swinging Strike 0-2: Ball 1-2: Strikes out swinging
|
| Bottom of the 2nd over - 0 runs, 1 hit, 0 errors, 1 left on base; Toronto 1 - Oakland 0 |
| TOP OF THE 3RD |
|
Toronto Blue Jays batting - Pitching for Oakland Athletics : RHP Aaron Garard
|
|
Batting: SHB Matt Altieri
|
0-0: Ball 1-0: Foul Ball, location: 7LMF 1-1: Ball 2-1: Fly out, F3 (Line Drive, 3, EV 69.4 MPH)
|
|
Batting: RHB Donny Burnside
|
0-0: Called Strike 0-1: Called Strike 0-2: Foul Ball, location: 2F 0-2: Ball 1-2: Foul Ball, location: 2F 1-2: Ground out 5-3 (Groundball, 56S, EV 70.6 MPH)
|
|
Batting: RHB Danny Burnside
|
0-0: Called Strike 0-1: Called Strike 0-2: Ground out U3 (Groundball, 34, EV 90.0 MPH)
|
| Top of the 3rd over - 0 runs, 0 hits, 0 errors, 0 left on base; Toronto 1 - Oakland 0 |
| BOTTOM OF THE 3RD |
|
Oakland Athletics batting - Pitching for Toronto Blue Jays : RHP Javy Falcon
|
|
Batting: LHB Al Hernandez
|
0-0: Ball 1-0: Called Strike 1-1: Ball 2-1: Called Strike 2-2: Ball 3-2: Base on Balls
|
|
Batting: SHB Ryan Langlois
|
0-0: Ball 1-0: Ball 2-0: Called Strike 2-1: Ball 3-1: Swinging Strike 3-2: Fly out, F7 (Line Drive, 7, EV 91.2 MPH)
|
|
Batting: RHB Randy Shrewsbury
|
0-0: Ball 1-0: Foul Ball, location: 2F 1-1: Fly out, F8 (Flyball, 8LM, EV 87.5 MPH)
|
|
Batting: LHB Tom Butterbaugh
|
0-0: Called Strike 0-1: Called Strike 0-2: Ball 1-2: Strikes out swinging
|
| Bottom of the 3rd over - 0 runs, 0 hits, 0 errors, 1 left on base; Toronto 1 - Oakland 0 |
| TOP OF THE 4TH |
|
Toronto Blue Jays batting - Pitching for Oakland Athletics : RHP Aaron Garard
|
|
Batting: RHB Efrain Vargas
|
0-0: Ground out 5-3 (Groundball, 56, EV 103.1 MPH)
|
|
Batting: SHB Dominik Hasek II
|
0-0: Ball 1-0: Ball 2-0: Fly out, F6 (Popup, 6M, EV 64.4 MPH)
|
|
Batting: RHB C.J. Richerson
|
0-0: Ball 1-0: Called Strike 1-1: SINGLE (Groundball, 34S, EV 86.9 MPH) (infield hit)
|
|
Batting: RHB Butch Kaiser
|
0-0: Ball 1-0: Called Strike C.J. Richerson is caught stealing 2nd base 2-4
|
| Top of the 4th over - 0 runs, 1 hit, 0 errors, 0 left on base; Toronto 1 - Oakland 0 |
| BOTTOM OF THE 4TH |
|
Oakland Athletics batting - Pitching for Toronto Blue Jays : RHP Javy Falcon
|
|
Batting: RHB Muneo Kawachi
|
0-0: Ball 1-0: Called Strike 1-1: Ball 2-1: Ground out 4-3 (Groundball, 4M, EV 91.2 MPH)
|
|
Batting: LHB Bob Branham
|
0-0: Ball 1-0: Called Strike 1-1: Ball 2-1: Foul Ball, location: 2F 2-2: Fly out, F7 (Line Drive, 7S, EV 89.4 MPH)
|
|
Batting: LHB Juan Concepcion
|
0-0: Ball 1-0: SINGLE (Groundball, 4MD, EV 94.4 MPH)
|
|
Batting: LHB R.J. O'Brien
|
0-0: Ball 1-0: Foul Ball, location: 2F 1-1: Swinging Strike 1-2: SINGLE (Line Drive, 34D, EV 97.5 MPH) Juan Concepcion to second Runner from 2nd tries for 3rd, SAFE, throw by RF made to third
|
|
Batting: LHB Jeff Luvisi
|
0-0: Foul Ball, location: 2F 0-1: SINGLE (Line Drive, 4D, EV 111.9 MPH) Juan Concepcion scores R.J. O'Brien to second Runner from 2nd tries for 3rd, SAFE, no throw by CF
|
|
Batting: LHB Al Hernandez
|
0-0: Ball 1-0: Foul Ball, location: 2F 1-1: Foul Ball, location: 2F 1-2: Ground out 4-3 (Groundball, 34S, EV 85.0 MPH)
|
| Bottom of the 4th over - 1 run, 3 hits, 0 errors, 2 left on base; Toronto 1 - Oakland 1 |
| TOP OF THE 5TH |
|
Toronto Blue Jays batting - Pitching for Oakland Athletics : RHP Aaron Garard
|
|
Batting: RHB Butch Kaiser
|
0-0: Called Strike 0-1: Swinging Strike 0-2: Strikes out swinging
|
|
Batting: LHB Nate Dean
|
0-0: Foul Ball, location: 2F 0-1: Ball 1-1: Foul Ball, location: 7LDF 1-2: Foul Ball, location: 2F 1-2: Fly out, F7 (Flyball, 7, EV 90.0 MPH)
|
|
Batting: LHB Willis Robles
|
0-0: Foul Ball, location: 7LMF 0-1: Called Strike 0-2: Ball 1-2: Strikes out swinging
|
| Top of the 5th over - 0 runs, 0 hits, 0 errors, 0 left on base; Toronto 1 - Oakland 1 |
| BOTTOM OF THE 5TH |
|
Oakland Athletics batting - Pitching for Toronto Blue Jays : RHP Javy Falcon
|
|
Batting: SHB Ryan Langlois
|
0-0: Called Strike 0-1: Ball 1-1: Foul Ball, location: 5DF 1-2: Ball 2-2: Strikes out swinging
|
|
Batting: RHB Randy Shrewsbury
|
0-0: Swinging Strike 0-1: Foul Ball, location: 2F 0-2: Strikes out swinging
|
|
Batting: LHB Tom Butterbaugh
|
0-0: SINGLE (Groundball, 56S, EV 71.2 MPH) (infield hit)
|
|
Batting: RHB Muneo Kawachi
|
0-0: Ball 1-0: Ball 2-0: Called Strike 2-1: Ball 3-1: Base on Balls Tom Butterbaugh to second
|
|
Batting: LHB Bob Branham
|
0-0: Foul Ball, location: 2F 0-1: 3-RUN HOME RUN (Flyball, 9D, EV 103.1 MPH), Distance : 393 ft
|
|
Batting: LHB Juan Concepcion
|
0-0: Called Strike 0-1: Ball 1-1: Foul Ball, location: 2F 1-2: Fly out, F8 (Flyball, 8RD, EV 102.5 MPH)
|
| Bottom of the 5th over - 3 runs, 2 hits, 0 errors, 0 left on base; Toronto 1 - Oakland 4 |
| TOP OF THE 6TH |
|
Toronto Blue Jays batting - Pitching for Oakland Athletics : RHP Aaron Garard
|
|
Batting: SHB Matt Altieri
|
0-0: Foul Ball, location: 2F 0-1: Swinging Strike 0-2: Ball 1-2: Strikes out swinging
|
|
Batting: RHB Donny Burnside
|
0-0: Called Strike 0-1: Ground out 6-3 (Groundball, 6, EV 82.5 MPH)
|
|
Batting: RHB Danny Burnside
|
0-0: Called Strike 0-1: Ball 1-1: Called Strike 1-2: Ground out 4-3 (Groundball, 4, EV 83.8 MPH)
|
| Top of the 6th over - 0 runs, 0 hits, 0 errors, 0 left on base; Toronto 1 - Oakland 4 |
| BOTTOM OF THE 6TH |
|
Oakland Athletics batting - Pitching for Toronto Blue Jays : RHP Javy Falcon
|
|
Batting: LHB R.J. O'Brien
|
0-0: Called Strike 0-1: Called Strike 0-2: Ball 1-2: Ball 2-2: Foul Ball, location: 2F 2-2: Ground out 6-3 (Groundball, 6, EV 85.6 MPH)
|
|
Batting: LHB Jeff Luvisi
|
0-0: Foul Ball, location: 2F 0-1: Ball 1-1: Ball 2-1: Swinging Strike 2-2: Foul Ball, location: 9LSF 2-2: Ground out 1-3 (Groundball, 34S, EV 68.1 MPH)
|
|
Batting: LHB Al Hernandez
|
0-0: SINGLE (Groundball, 34D, EV 105.0 MPH)
|
|
Batting: SHB Ryan Langlois
|
0-0: Ball 1-0: Ball 2-0: Foul Ball, location: 3SF 2-1: Called Strike 2-2: Ball 3-2: Foul Ball, location: 2F 3-2: Strikes out swinging
|
| Bottom of the 6th over - 0 runs, 1 hit, 0 errors, 1 left on base; Toronto 1 - Oakland 4 |
| TOP OF THE 7TH |
|
Toronto Blue Jays batting - Pitching for Oakland Athletics : RHP Aaron Garard
|
|
Batting: RHB Efrain Vargas
|
0-0: Swinging Strike 0-1: Ball 1-1: Ball 2-1: Ball 3-1: Fly out, F8 (Flyball, 8RXD, EV 105.6 MPH)
|
|
Batting: SHB Dominik Hasek II
|
0-0: Called Strike 0-1: Called Strike 0-2: Fly out, F8 (Line Drive, 89M, EV 99.4 MPH)
|
|
Batting: RHB C.J. Richerson
|
0-0: Swinging Strike 0-1: Ball 1-1: Foul Ball, location: 9LSF 1-2: Ball 2-2: Strikes out swinging
|
| Top of the 7th over - 0 runs, 0 hits, 0 errors, 0 left on base; Toronto 1 - Oakland 4 |
| BOTTOM OF THE 7TH |
|
Oakland Athletics batting - Pitching for Toronto Blue Jays : RHP Javy Falcon
|
|
Batting: RHB Randy Shrewsbury
|
0-0: Ball 1-0: Called Strike 1-1: Called Strike 1-2: Ball 2-2: Ground out 6-3 (Groundball, 6, EV 85.6 MPH)
|
|
Batting: LHB Tom Butterbaugh
|
0-0: Ball 1-0: SINGLE (Flyball, 4D, EV 88.8 MPH)
|
|
Batting: RHB Muneo Kawachi
|
0-0: Called Strike 0-1: Foul Ball, location: 2F 0-2: Foul Ball, location: 2F 0-2: Strikes out swinging
|
|
Batting: LHB Bob Branham
|
0-0: Ball 1-0: Foul Ball, location: 2F 1-1: Foul Ball, location: 2F 1-2: Strikes out looking
|
| Bottom of the 7th over - 0 runs, 1 hit, 0 errors, 1 left on base; Toronto 1 - Oakland 4 |
| TOP OF THE 8TH |
|
Toronto Blue Jays batting - Pitching for Oakland Athletics : RHP Aaron Garard
|
|
Batting: RHB Butch Kaiser
|
0-0: Swinging Strike 0-1: Ball 1-1: Ground out 1-3 (Groundball, 34S, EV 69.4 MPH)
|
|
Batting: LHB Nate Dean
|
0-0: Called Strike 0-1: Ball 1-1: Foul Ball, location: 2F 1-2: Foul Ball, location: 2F 1-2: Strikes out swinging
|
|
Batting: LHB Willis Robles
|
0-0: Called Strike 0-1: Foul Ball, location: 2F 0-2: Ball 1-2: Fly out, F9 (Line Drive, 9, EV 104.4 MPH)
|
| Top of the 8th over - 0 runs, 0 hits, 0 errors, 0 left on base; Toronto 1 - Oakland 4 |
| BOTTOM OF THE 8TH |
|
Oakland Athletics batting - Pitching for Toronto Blue Jays : RHP Javy Falcon
|
|
Batting: LHB Juan Concepcion
|
0-0: Foul Ball, location: 9LMF 0-1: Ball 1-1: Called Strike 1-2: SINGLE (Line Drive, 6D, EV 103.8 MPH)
|
|
Batting: LHB R.J. O'Brien
|
0-0: Foul Ball, location: 2F 0-1: Ball 1-1: Ball 2-1: Ball 3-1: Base on Balls Juan Concepcion to second
|
|
Batting: LHB Jeff Luvisi
|
0-0: Ball 1-0: Foul Ball, location: 7LSF 1-1: Ball 2-1: Ball 3-1: Base on Balls Juan Concepcion to third R.J. O'Brien to second
|
|
Pitching: RHP Aaron Linkous
|
|
|
Batting: LHB Al Hernandez
|
0-0: Ball 1-0: Ball 2-0: SINGLE (Groundball, 6M, EV 112.5 MPH) Juan Concepcion scores R.J. O'Brien to third Jeff Luvisi to second
|
|
Batting: SHB Ryan Langlois
|
0-0: Called Strike 0-1: Ball 1-1: Foul Ball, location: 3F 1-2: Ball 2-2: Grounds into double play, 4-6-3 (Groundball, 4, EV 83.8 MPH) R.J. O'Brien scores Jeff Luvisi to third
|
|
Batting: RHB Randy Shrewsbury
|
0-0: Ball 1-0: Swinging Strike 1-1: Ball 2-1: Ball 3-1: Called Strike 3-2: Fly out, F7 (Flyball, 7, EV 88.8 MPH)
|
| Bottom of the 8th over - 2 runs, 2 hits, 0 errors, 1 left on base; Toronto 1 - Oakland 6 |
| TOP OF THE 9TH |
|
Toronto Blue Jays batting - Pitching for Oakland Athletics : RHP Aaron Garard
|
|
Pitching: RHP Mike Pedigo
|
|
|
Batting: SHB Matt Altieri
|
0-0: Called Strike 0-1: Ball 1-1: Swinging Strike 1-2: Ball 2-2: Ball 3-2: Strikes out swinging
|
|
Batting: RHB Donny Burnside
|
0-0: Called Strike 0-1: Called Strike 0-2: Foul Ball, location: 2F 0-2: Strikes out looking
|
|
Batting: RHB Danny Burnside
|
0-0: Ball 1-0: Ball 2-0: Ball 3-0: Base on Balls
|
|
Batting: RHB Efrain Vargas
|
0-0: Ball 1-0: Swinging Strike 1-1: Foul Ball, location: 2F 1-2: Strikes out swinging
|
| Top of the 9th over - 0 runs, 0 hits, 0 errors, 1 left on base; Toronto 1 - Oakland 6 |
|